 Dungeon Crawl Stone Soup version 0.18.1-48-g4cf74bf (webtiles) character file.

994 Alarkh the Archer (level 7, -3/50 HPs)
             Began as a Mummy Hunter on Sept 5, 2016.
             Slain by a giant frog (7 damage)
             ... on level 6 of the Dungeon.
             The game lasted 00:10:16 (5231 turns).

Alarkh the Archer (Mummy Hunter)                    Turns: 5231, Time: 00:10:17

Health: -3/50      AC: 11    Str: 15      XL:     7   Next: 99%
Magic:  7/7        EV: 11    Int: 11      God:
Gold:   144        SH:  0    Dex: 11 (12) Spells: 0 memorised, 6 levels left

rFire  . . .     SeeInvis .     a - +2 shortbow
rCold  + . .     Gourm    .     h - +3 leather armour {rF+}
rNeg   + + +     Faith    .     (shield currently unavailable)
rPois  ∞         Spirit   .     (no helmet)
rElec  .         Dismiss  .     j - +2 cloak
rCorr  .         Reflect  .     v - +0 pair of gloves
SustAt .         Harm     .     i - +0 pair of boots
MR     .....                    (no amulet)
Stlth  +.........               (no ring)
                                t - -2 ring of intelligence (curse)

@: not resistant to hostile enchantments, very unstealthy
A: no food or potions, fire vulnerability, cold resistance 1, negative energy
resistance 3, torment resistance, unbreathing
a: no special abilities


You were on level 6 of the Dungeon.
You were not hungry.

You visited 1 branch of the dungeon, and saw 6 of its levels.

You collected 288 gold pieces.
You spent 144 gold pieces at shops.

Inventory:

Hand Weapons
 a - a +2 shortbow (weapon)
 b - a +1 dagger of draining
 l - a +0 short sword
Missiles
 d - 29 arrows (quivered)
Armour
 c - a +0 leather armour
 h - a +3 leather armour of fire resistance (worn)
 i - a +0 pair of boots (worn)
 j - a +2 cloak (worn)
 v - a +0 pair of gloves (worn)
Jewellery
 t - a cursed -2 ring of intelligence (left hand)
Wands
 r - a wand of polymorph (10/24)
Scrolls
 e - 2 scrolls of identify
 f - 4 scrolls of teleportation
 g - 4 scrolls of noise
 k - a scroll of fog
 m - 2 scrolls of remove curse
 n - a scroll of recharging
 q - 2 scrolls of amnesia {unknown}
 s - a scroll of blinking {unknown}
Books
 u - a book of Clouds

   Spells                             Type                      Level
   a - Mephitic Cloud                 Conjuration/Poison/Air       3
   b - Conjure Flame                  Conjuration/Fire             3
   c - Poisonous Cloud                Conjuration/Poison/Air       6
   d - Freezing Cloud                 Conjuration/Ice/Air          6
   e - Ring of Flames                 Charms/Fire                  7


   Skills:
 - Level 2.0 Fighting
 + Level 8.4 Bows
 - Level 1.5 Dodging
 - Level 0.7 Stealth


You had 6 spell levels left.
You didn't know any spells.

Dungeon Overview and Level Annotations

Branches:
Dungeon (6/15)
 Temple: D:4-7

Altars:
Cheibriados
Dithmenos
Makhleb
Pakellas
Sif Muna
Xom
The Shining One

Shops:
D:4 (


Innate Abilities, Weirdness & Mutations

You do not eat or drink.
Your flesh is vulnerable to fire.
You are immune to poison.
Your flesh is cold resistant.
You are immune to negative energy.
You are immune to unholy pain and torment.
You can survive without breathing.


Message History

* * * LOW HITPOINT WARNING * * *
Firing (i - inventory):
d - 32 arrows (quivered)
Press: ? - help, Shift-Dir - straight line, f/p - giant frog
Aim: a giant frog (moderately wounded)
You shoot an arrow. The arrow hits the giant frog.
The giant frog is moderately wounded.
The giant frog hits you but does no damage.
Firing (i - inventory):
d - 31 arrows (quivered)
Press: ? - help, Shift-Dir - straight line, f/p - giant frog
Aim: a giant frog (moderately wounded)
You shoot an arrow. The arrow misses the giant frog.
The giant frog closely misses you.
The giant frog hits you but does no damage.
Firing (i - inventory):
d - 30 arrows (quivered)
Press: ? - help, Shift-Dir - straight line, f/p - giant frog
Aim: a giant frog (moderately wounded)
You shoot an arrow. The arrow hits the giant frog!
The giant frog is severely wounded.
The giant frog hits you!
You die...

... ..# #.# #.#
.# ###.# ..##
#..<# .##..#.
#.### ..#...#####
##.# ##
.........###@(#
...
......##...F.##
#..##.##...##Z###
....####.##.# #.#
#..###.##.# #.#
#.Z.5.).#.# #.#
#.#####.§.######
##.###.#
##..........
....##.##
#.>.########.


You could see a giant frog and a howler monkey zombie.

Vanquished Creatures
  2 ogres
  3 howler monkeys
  2 crimson imps (D:5)
  A quasit (D:5)
  5 hounds
  2 orc priests (D:5)
  A jelly (D:3)
  4 orc wizards
  2 worker ants (D:5)
  8 adders
  4 gnolls (D:2)
  2 oozes (D:3)
  5 dart slugs
  The ghost of appiemonkey the Sneak, a weakling VSAs (D:3)
  3 giant geckos
  12 orcs
  4 ball pythons
  4 giant cockroaches
  5 hobgoblins
  8 jackals
  12 kobolds
  A quokka (D:2)
  8 bats
  4 giant newts
  6 goblins
  7 rats
116 creatures vanquished.

Vanquished Creatures (others)
  A centaur (D:6)
  A hound (D:6)
  A worker ant (D:6)
  An orc (D:6)
  A quokka (D:6)
5 creatures vanquished.

Grand Total: 121 creatures vanquished

Notes
Turn   | Place    | Note
--------------------------------------------------------------
     0 | D:1      | Alarkh the Mummy Hunter began the quest for the Orb.
     0 | D:1      | Reached XP level 1. HP: 16/16 MP: 1/1
   119 | D:1      | Reached XP level 2. HP: 11/22 MP: 2/2
   510 | D:1      | Reached skill level 4 in Bows
   789 | D:2      | Reached XP level 3. HP: 25/27 MP: 3/3
   954 | D:2      | Reached XP level 4. HP: 18/33 MP: 4/4
  1502 | D:2      | Found a shimmering altar of Xom.
  1512 | D:2      | Found a deep blue altar of Sif Muna.
  1512 | D:2      | Found a snail-covered altar of Cheibriados.
  1515 | D:2      | Found an oddly glowing altar of Pakellas.
  1518 | D:2      | Found a burning altar of Makhleb.
  1553 | D:3      | Noticed appiemonkey's ghost (weakling VSAs)
  1928 | D:3      | Reached skill level 5 in Bows
  2047 | D:3      | Killed appiemonkey's ghost
  2223 | D:3      | Reached XP level 5. HP: 33/38 MP: 5/5
  2842 | D:4      | Noticed an ogre
  3087 | D:4      | Reached skill level 6 in Bows
  3087 | D:4      | Reached XP level 6. HP: 36/44 MP: 6/6
  3249 | D:4      | Found Rokkis's Antique Weapon Shop.
  3257 | D:4      | Bought a glowing short sword for 72 gold pieces
  3257 | D:4      | Bought a runed mace for 72 gold pieces
  3495 | D:4      | Found a shadowy altar of Dithmenos.
  3495 | D:4      | Found a glowing golden altar of the Shining One.
  3712 | D:5      | Entered Level 5 of the Dungeon
  3812 | D:5      | Reached skill level 7 in Bows
  3924 | D:5      | Reached XP level 7. HP: 49/50 MP: 7/7
  4919 | D:5      | Reached skill level 8 in Bows
  5231 | D:6      | Slain by a giant frog

Skill      XL: |  1  2  3  4  5  6  7 |
---------------+----------------------+-----
Bows           | 4 5 6 7 8 |  8.4
Fighting       | |  2.0
Dodging        | |  1.5
Stealth        | |  0.7

Action                   |  1- 3 |  4- 6 |  7- 9 || total
-------------------------+-------+-------+-------++-------
Melee: Short sword       |    37 |    55 |       ||    92
       Dagger            |       |   131 |    69 ||   200
 Fire: Shortbow          |    54 |    80 |    92 ||   226
  Use: Scroll            |     4 |     5 |     5 ||    14
 Stab: Sleeping          |       |     1 |       ||     1
Armor: Leather armour    |    13 |    97 |    81 ||   191
Dodge: Dodged            |    32 |   107 |    85 ||   224
